AoeStats
← bibimiraglia

Arabia

508052749Analyzed
1v1 RM · 12d ago on Sep 20, 2026· 67m 45s· 2 players
Game mode
Random Map
Map size
Tiny (2 player)
Population
200
Speed
Normal
Resources
Standard
Victory
Conquest
Starting age
Dark Age
Ending age
Imperial Age
RankedLock teamsTeams togetherTeam positionsShared explorationLock speedFull tech treeHidden civsTurbo modeCheats
Victory
Defeat
🇺🇸 Japanese · United States
750
+15
🇺🇸 Burgundians · United States
725
-15
bibimiraglia
6:38 Loom
10:30 Feudal Age
9:15 Double-Bit Axe
9:22 Horse Collar
19:55 Fletching
23:03 Padded Archer Armor
28:35 Castle Age
27:32 Heavy Plow
27:45 Bow Saw
29:14 Scale Barding Armor
29:20 Forging
28:46 Elite Skirmisher
35:59 Cavalier
50:42 Imperial Age
49:11 Leather Archer Armor
51:30 Chain Barding Armor
52:36 Chemistry
KapnKrunchPhD
8:04 Loom
11:05 Feudal Age
11:14 Man-at-Arms
13:03 Arson
21:32 Castle Age
20:43 Scale Mail Armor
22:20 Forging
23:43 Squires
26:12 Long Swordsman
26:42 Pikeman
27:29 Elite Skirmisher
29:55 Double-Bit Axe
33:04 Horse Collar
39:48 Gambesons
44:18 Imperial Age
43:32 Chain Mail Armor
45:04 Iron Casting
46:09 Plate Mail Armor
46:07 Capped Ram
47:47 Halberdier
52:23 Blast Furnace
52:52 Two-Handed Swordsman
56:16 Bow Saw
57:01 Fletching
57:11 Padded Archer Armor
58:52 Thumb Ring
59:12 Ballistics
65:25 Leather Archer Armor
66:54 Chemistry
67:35 Ring Archer Armor
Connection lost

Rejoining the realm…

Still unreachable

The connection could not be restored.

Session expired

The server has moved on; the page needs a fresh start.